AoeStats
← speed demon

Arabia

510135775Analyzed
2v2 RM · 2d ago on Sep 29, 2026· 31m 31s· 4 players
Game mode
Random Map
Map size
Medium (4 player)
Population
200
Speed
Normal
Resources
Standard
Victory
Conquest
Starting age
Dark Age
Ending age
Imperial Age
RankedLock teamsTeams togetherTeam positionsShared explorationLock speedFull tech treeHidden civsTurbo modeCheats
Victory
Defeat
🇮🇳 Romans · India
1262
+18
🇮🇳 Khmer · India
1261
+18
🇧🇩 Britons · Bangladesh
1323
-18
🇨🇭 Romans · Switzerland
1295
-18
Blue Cheese
11:47 Loom
14:33 Feudal Age
15:11 Double-Bit Axe
17:01 Man-at-Arms
19:08 Horse Collar
19:55 Scale Mail Armor
19:52 Town Watch
21:15 Forging
_Orca_
6:19 Loom
8:39 Feudal Age
12:28 Fletching
17:21 Double-Bit Axe
18:48 Padded Archer Armor
24:45 Castle Age
24:54 Crossbowman
25:30 Bodkin Arrow
25:52 Leather Archer Armor
26:35 Bow Saw
GRIM REAPER
7:05 Loom
9:20 Feudal Age
15:26 Man-at-Arms
16:16 Double-Bit Axe
16:26 Horse Collar
18:52 Scale Mail Armor
19:18 Forging
19:27 Fletching
21:04 Padded Archer Armor
25:25 Castle Age
25:47 Long Swordsman
26:44 Chain Mail Armor
26:30 Squires
27:08 Iron Casting
26:50 Elite Skirmisher
28:13 Bodkin Arrow
29:03 Leather Archer Armor
speed demon
5:19 Loom
7:51 Feudal Age
19:41 Scale Barding Armor
19:49 Bloodlines
20:17 Forging
22:51 Castle Age
26:08 Chain Barding Armor
26:48 Husbandry
26:22 Light Cavalry
Connection lost

Rejoining the realm…

Still unreachable

The connection could not be restored.

Session expired

The server has moved on; the page needs a fresh start.